 Dungeon Crawl Stone Soup version 0.17-a0-1636-g3119f2b (webtiles) character file.

769 maniek23 the Sneak (level 7, -3/52 HPs)
             Began as a Demonspawn Assassin on Aug 5, 2015.
             Slain by Pikel (5 damage)
             ... on level 5 of the Dungeon.
             The game lasted 00:15:46 (3668 turns).

maniek23 the Sneak (Demonspawn Assassin)            Turns: 3668, Time: 00:15:46

Health: -3/52      AC:  5    Str: 11    XL:     7   Next: 52%
Magic:  8/9        EV: 13    Int: 13    God:
Gold:   198        SH:  0    Dex: 16    Spells: 1 memorised, 5 levels left

rFire  . . .     SeeInvis .     a - +2 dagger
rCold  + . .     Clarity  .     c - +0 robe
rNeg   . . .     SustAt   .     (no shield)
rPois  .         Gourm    .     (no helmet)
rElec  .         Spirit   .     d - +0 cloak
rCorr  .         Warding  .     (no gloves)
rMut   .         Stasis   .     (no boots)
MR     .....                    F - amulet of regeneration
Stlth  +++.......               (no ring)
                                I - ring of wizardry

@: not resistant to hostile enchantments, fairly stealthy
A: talons 2, thin metallic scales 1, cold resistance 1
a: no special abilities


You were on level 5 of the Dungeon.
You were hungry.

You visited 1 branch of the dungeon, and saw 5 of its levels.

You collected 198 gold pieces.

Inventory:

Hand weapons
 a - a +2 dagger (weapon)
 b - a +0 blowgun
 n - a cursed -2 whip
 r - a cursed -2 dagger
 E - a +0 mace of protection
Missiles
 e - 37 poisoned needles
 f - 2 curare-tipped needles
 j - 7 needles of slowing
 u - 162 stones (quivered)
 M - 2 tomahawks of returning
 P - 5 tomahawks
Armour
 c - a +0 robe (worn)
 d - a +0 cloak (worn)
 H - a +0 leather armour
 R - a +0 shield
Jewellery
 F - an amulet of regeneration (around neck)
 I - a ring of wizardry (left hand)
 K - an uncursed amulet of rage
Magical devices
 J - a wand of magic darts (17)
Scrolls
 k - 3 scrolls of teleportation {unknown}
 m - a scroll of immolation {unknown}
 p - a scroll of blinking {unknown}
 s - a scroll of magic mapping {unknown}
 t - 5 scrolls of identify {unknown}
 y - 4 scrolls of remove curse {unknown}
 z - 2 scrolls of noise {unknown}
 A - 2 scrolls of enchant armour {unknown}
 D - a scroll of recharging {unknown}
 N - a scroll of fog {unknown}
 Q - a scroll of amnesia {unknown}
Potions
 i - a potion of agility {unknown}
 l - 2 potions of magic {unknown}
 q - a potion of lignification {unknown}
 w - 3 potions of curing {unknown}
 x - a potion of degeneration {unknown}
 C - 2 potions of flight {unknown}
 L - a potion of haste {unknown}
Books
 G - a book of Clouds

   Spells                             Type                      Level
   a - Mephitic Cloud                 Conjuration/Poison/Air       3
   b - Conjure Flame                  Conjuration/Fire             3
   c - Poisonous Cloud                Conjuration/Poison/Air       6
   d - Freezing Cloud                 Conjuration/Ice/Air          6
   e - Ring of Flames                 Charms/Fire                  7
 O - a book of Party Tricks

   Spells                             Type                      Level
   a - Summon Butterflies             Summoning                    1
   b - Apportation                    Translocation                1
   c - Tukima's Dance                 Hexes                        3
   d - Alistair's Intoxication        Transmutation/Poison         4
   e - Invisibility                   Hexes                        6
Comestibles
 g - 7 bread rations
 h - a slice of pizza
 o - 3 meat rations
 v - a beef jerky
 B - a chunk of flesh


   Skills:
 + Level 3.6 Fighting
 + Level 3.1 Short Blades
 * Level 4.3 Throwing
 + Level 2.6 Dodging
 + Level 5.0 Stealth
 + Level 1.3 Spellcasting
 * Level 2.6 Hexes


You had 5 spell levels left.
You knew the following spells:

 Your Spells              Type           Power        Failure   Level  Hunger
a - Tukima's Dance        Hex            #.......     12%         3    ####...


Dungeon Overview and Level Annotations

Branches:
Dungeon (5/15)
 Temple: D:4-7

Altars:

Annotations:
D:5 Pikel


Innate Abilities, Weirdness & Mutations

You have razor-sharp toenails.
You are partially covered in thin metallic scales (AC +2).
Your flesh is cold resistant.


Message History

Pikel is almost dead.
Pikel barely misses you. The slave closely misses you.
You closely miss Pikel. Your kick misses Pikel.
Pikel is almost dead.
Pikel hits you.
You hit Pikel but do no damage. You claw Pikel, but do no damage.
Pikel is almost dead.
The slave hits you.
* * * LOW HITPOINT WARNING * * *
Pikel closely misses you.
You hit Pikel. You claw Pikel, but do no damage.
Pikel is almost dead.
The slave barely misses you. Pikel hits you!
* * * LOW HITPOINT WARNING * * *
You hit Pikel. Your kick misses Pikel.
Pikel is almost dead.
The slave hits you.
* * * LOW HITPOINT WARNING * * *
Pikel hits you.
You die...

.###
...#.#.######
....pKp.((.#
#.. #.# #.#
#p# #
#.#####(####
#.
##K@p......#
..
###p#####.##.#
#. #...#####.#
#
#.#.#...ppp(#
#....#######
.# ###.## .#
#.# .# #.# .#
#.# .#


You could see Pikel and 2 slaves.

Vanquished Creatures
  Sigmund (D:4)
  An ogre (D:4)
  A centaur (D:5)
  A hound (D:4)
  An iguana (D:4)
  A giant frog skeleton (D:3)
  An orc priest (D:4)
  2 orc wizards (D:4)
  A centaur skeleton (D:4)
  Jessica (D:3)
  A worker ant (D:4)
  A hound skeleton (D:4)
  4 adders
  3 gnolls (D:4)
  4 oozes
  3 worms (D:2)
  A giant gecko (D:2)
  11 orcs
  4 ball pythons
  7 giant cockroaches
  7 hobgoblins
  11 kobolds
  4 bats
  6 giant newts
  13 goblins
  2 jackals (D:4)
  12 rats
105 creatures vanquished.

Vanquished Creatures (others)
  2 dancing weapons
2 creatures vanquished.

Grand Total: 107 creatures vanquished

Notes
Turn   | Place    | Note
--------------------------------------------------------------
     0 | D:1      | maniek23 the Demonspawn Assassin began the quest for the Orb.
     0 | D:1      | Reached XP level 1. HP: 16/16 MP: 1/1
   104 | D:1      | Reached skill level 4 in Stealth
   109 | D:1      | Gained mutation: You are partially covered in thin metallic scales (AC +2). [demonic ancestry]
   109 | D:1      | Reached XP level 2. HP: 19/22 MP: 2/2
   157 | D:1      | Reached skill level 1 in Dodging
   585 | D:1      | Reached XP level 3. HP: 24/27 MP: 3/3
  1157 | D:2      | Gained mutation: Your flesh is cold resistant. [demonic ancestry]
  1157 | D:2      | Reached XP level 4. HP: 34/34 MP: 4/4
  1747 | D:3      | Noticed Jessica
  1755 | D:3      | Killed Jessica
  2121 | D:3      | Gained mutation: You have sharp toenails. [demonic ancestry]
  2121 | D:3      | Reached XP level 5. HP: 37/39 MP: 5/5
  2566 | D:4      | Learned a level 3 spell: Tukima's Dance
  2649 | D:4      | Gained mutation: You have razor-sharp toenails. [demonic ancestry]
  2649 | D:4      | Reached XP level 6. HP: 43/47 MP: 6/6
  2654 | D:4      | Reached skill level 1 in Hexes
  2973 | D:4      | Noticed Sigmund
  2994 | D:4      | Killed Sigmund
  2994 | D:4      | Reached skill level 1 in Spellcasting
  3083 | D:4      | Reached XP level 7. HP: 52/52 MP: 8/8
  3249 | D:4      | Reached skill level 5 in Stealth
  3558 | D:5      | Entered Level 5 of the Dungeon
  3605 | D:5      | Noticed Pikel
  3668 | D:5      | HP: 2/52 [slave[Pikel] (3)]
  3668 | D:5      | Slain by Pikel

Vault maps used:
D:1:      ncdulo_lavacross, minmay_distorted
D:3:      roderic_roman_lattice, uniq_jessica
D:4:      first_bread, uniq_sigmund
D:5:      elyvilon_altar_1, uniq_pikel, uniq_duvessa

Action                   |  1- 3 |  4- 6 |  7- 9 || total
-------------------------+-------+-------+-------++-------
Melee: Dagger            |   105 |   221 |    54 ||   380
 Fire: Blowgun           |       |    27 |    15 ||    42
Throw: Stone             |    21 |    42 |     3 ||    66
 Cast: Tukima's Dance    |       |       |     3 ||     3
 Stab: Sleeping          |    13 |     7 |       ||    20
       Distracted        |     1 |     1 |       ||     2
  Eat: Chunk             |     1 |     7 |     2 ||    10
